 Dungeon Crawl Stone Soup version 0.29-a0-892-g2c4c91d9db (webtiles) character file.

Game seed: 6388053458152497599

17 Pooter the Trooper (level 2, -1/27 HPs)
             Began as a Minotaur Fighter on July 22, 2022.
             Slain by a hound (2 damage)
             ... on level 1 of the Dungeon.
             The game lasted 00:03:43 (729 turns).

Pooter the Trooper (Minotaur Fighter)                Turns: 729, Time: 00:03:44

Health: -1/27      AC:  8    Str: 20    XL:     2   Next: 44%
Magic:  1/1        EV:  9    Int:  5    God:
Gold:   56         SH:  4    Dex:  9    Spells: 1/1 levels left

rFire   . . .      SeeInvis .   a - +2 war axe
rCold   . . .      Faith    .   c - +0 buckler
rNeg    . . .      Spirit   .   b - +0 scale mail
rPois   .          Reflect  .   (helmet restricted)
rElec   .          Harm     .   (no cloak)
rCorr   .          Rampage  .   e - +0 pair of gloves
Will    .....                   (no boots)
Stlth   ..........              (no amulet)
HPRegen 0.09/turn               (no ring)
MPRegen 0.07/turn               (no ring)

@: mighty
A: horns 2, retaliatory headbutt
a: no special abilities


You were on level 1 of the Dungeon.
You visited 1 branch of the dungeon, and saw 2 of its levels.

You collected 56 gold pieces.

Inventory:

Hand Weapons
 a - a +2 war axe (weapon)
Missiles
 Q - 20 stones (quivered)
Armour
 b - a +0 scale mail (worn)
 c - a +0 buckler (worn)
 e - a +0 pair of gloves (worn)
   (You found it on level 1 of the Dungeon)
Scrolls
 g - a scroll of amnesia {unknown}
 h - a scroll of identify {unknown}
Potions
 f - 2 potions of lignification {unknown}
 i - a potion of heal wounds {unknown}


   Skills:
 + Level 3.9 Fighting
 * Level 3.2 Axes
 - Level 3.6 Armour
 + Level 0.7 Stealth
 - Level 3.6 Shields


You had one spell level left.
You didn't know any spells.
Your spell library was empty.

Dungeon Overview and Level Annotations

Branches:
Dungeon (2/15)

Altars:


Innate Abilities, Weirdness & Mutations

You have a pair of horns on your head.
You reflexively headbutt those who attack you in melee.


Message History

Q - 20 stones (gained 5)
Found 15 gold pieces.
A hound comes into view.
The hound barks!
The hound bites you.
You hit the hound. The hound closely misses you. You furiously retaliate!
You headbutt the hound, but do no damage.
The hound bites you but does no damage.
A worm comes into view.
You closely miss the hound. The hound closely misses you. The hound bites you.
You closely miss the hound. The hound bites you but does no damage.
A quokka comes into view.
The hound closely misses you. You furiously retaliate!
You headbutt the hound. You miss the hound. Your headbutt misses the hound.
The hound bites you. x2
You miss the hound. You block the hound's attack.
The hound bites you but does no damage.
You hit the hound. You headbutt the hound. You block the hound's attack.
The hound barely misses you.
You barely miss the hound.
You headbutt the hound, but do no damage.
The hound bites you. You block the hound's attack.
You are too injured to fight recklessly!
You are too injured to fight recklessly!
You are too injured to fight recklessly!
You are too injured to fight recklessly!
The hound attacks as you move away! The hound bites you.
* * * LOW HITPOINT WARNING * * *
The hound bites you but does no damage. You block the hound's attack.
There is a stone staircase leading up here.
The hound bites you but does no damage. The hound bites you.
* * * LOW HITPOINT WARNING * * *
You climb upwards.
There is a stone staircase leading down here.
You completely miss the hound. The hound closely misses you.
The hound bites you but does no damage.
You closely miss the hound. You headbutt the hound.
The hound barely misses you. The hound bites you.
* * * LOW HITPOINT WARNING * * *
You closely miss the hound. Your headbutt misses the hound.
The hound bites you.
* * * LOW HITPOINT WARNING * * *
The hound bites you but does no damage.
You completely miss the hound. Your headbutt misses the hound.
The hound bites you.
* * * LOW HITPOINT WARNING * * *
The hound bites you but does no damage.
You feel very mighty all of a sudden. You block the hound's attack.
The hound bites you.
You die...

##### #...# #...# #...#
##########...#
###...........†##########
#......#.................
#......+h.............###
#....).#@...............>
#......####.#.#######.###
#......####.#'## ###.###
#......#.......# #......
#......#.......# #.#.###
###'#.##.......# #.#.#..
#####.#.##.......# #.#.#.#
#.....#.........#####+#'#.#
#.################........#


You could see a hound.

Vanquished Creatures
  An endoplasm (D:1)
  A giant cockroach (D:1)
  2 goblins (D:1)
  A hobgoblin (D:1)
  2 ball pythons (D:1)
  4 bats (D:1)
  2 kobolds (D:1)
  3 rats (D:1)
16 creatures vanquished.

Notes
Turn   | Place    | Note
-------+----------+-------------------------------------------
     0 | D:1      | Pooter the Minotaur Fighter began the quest for the Orb.
     0 | D:1      | Reached XP level 1. HP: 19/19 MP: 0/0
   317 | D:1      | Reached XP level 2. HP: 27/27 MP: 1/1
   728 | D:1      | HP: 1/27 [hound (2)]
   729 | D:1      | Slain by a hound

Illustrated notes

Levels and vault maps discovered:
D:1:      dpeg_arrival_windows_large_door, layout_basic, minmay_fountain_box
D:2:      layout_rooms, shapermc_ecumenical_altar_notcrosses, uniq_natasha,
          uniq_jessica

Skill      XL: |  1 |
---------------+----+-----
Axes           | 3 |  3.2
Fighting       | |  3.9
Armour         | |  3.6
Stealth        | |  0.7
Shields        | |  3.6

Action                   || total
-------------------------++-------
Melee: War axe           ||    38
       Headbutt          ||     8
  Use: Scroll            ||     2
       Potion            ||     1
Armor: Scale mail        ||    23
Dodge: Dodged            ||    21
Block: Buckler           ||    11

Table legend: (Time is in decaauts)
 A = Elapsed time spent in this place.
 B = Non-inter-level travel time spent in this place.
 C = Inter-level travel time spent in this place.
 D = Time resting spent in this place.
 E = Time spent auto-exploring this place.
 F = Levels seen in this place.
 G = Mean time per level.
                   A        B        C        D        E       F      G
               +--------+--------+--------+--------+--------+-----+--------+
         Total |    743 |    719 |     24 |      0 |    576 |   2 |  371.5 |
       Dungeon |    743 |    719 |     24 |      0 |    576 |   2 |  371.5 |
               +--------+--------+--------+--------+--------+-----+--------+

Top non-repeatable levels by time:
     D:1: 717 daAuts
     D:2: 26 daAuts
